 Dungeon Crawl Stone Soup version 0.20.1-1-g8b1a95d (webtiles) character file.

3059 vishdafish the Soothsayer (level 9, -5/69 HPs)
             Began as a Demonspawn Fighter on July 3, 2017.
             Was a Priest of Nemelex Xobeh.
             Slain by a two-headed ogre
             ... wielding a +0 giant spiked club
              (11 damage)
             ... on level 8 of the Dungeon.
             The game lasted 00:17:39 (6734 turns).

vishdafish the Soothsayer (Demonspawn Fighter)      Turns: 6734, Time: 00:17:40

Health: -5/69      AC:  6    Str: 19    XL:     9   Next: 57%
Magic:  16/16      EV: 10    Int:  9    God:    Nemelex Xobeh [***...]
Gold:   334        SH: 11    Dex: 14    Spells: 8/8 levels left

rFire    . . .     SeeInvis +     - Unarmed
rCold    . . .     Gourm    .   j - +1 shield {rPois}
rNeg     . . .     Faith    .   b - +0 scale mail
rPois    +         Spirit   .   (helmet unavailable)
rElec    .         Reflect  .   (no cloak)
rCorr    .         Harm     .   (no gloves)
MR       .....                  (no boots)
Stlth    ..........             h - amulet of rage
Regen    0.3/turn               (no ring)
MPRegen  0.2/turn               F - +3 ring of evasion

@: no status effects
A: antennae 3, claws 1, hooves 1, mutation resistance 1, poison resistance
a: Triple Draw, Renounce Religion, Evoke Berserk Rage


You were on level 8 of the Dungeon.
You worshipped Nemelex Xobeh.
Nemelex Xobeh was most pleased with you.
You were not hungry.

You visited 1 branch of the dungeon, and saw 9 of its levels.

You collected 399 gold pieces.
You spent 65 gold pieces at shops.

Inventory:

Hand Weapons
 a - a +0 war axe
Armour
 b - a +0 scale mail (worn)
 c - a +0 shield
 j - a +1 shield of poison resistance (worn)
Jewellery
 h - an amulet of rage (around neck)
 m - an uncursed ring of fire
 F - a +3 ring of evasion (right claw)
Scrolls
 l - a scroll of fog {unknown}
 n - a scroll of noise
 r - 3 scrolls of teleportation
 u - a scroll of immolation {unknown}
 x - 2 scrolls of random uselessness {unknown}
 y - 2 scrolls of recharging
 A - 2 scrolls of remove curse
 C - 4 scrolls of magic mapping {unknown}
 E - a scroll of amnesia {unknown}
 G - a scroll of enchant armour {unknown}
 H - 2 scrolls of identify
Potions
 d - 2 potions of might
 e - 2 potions of mutation
 i - 3 potions of curing
 o - a potion of magic
 s - 2 potions of cancellation {unknown}
 t - a potion of heal wounds
 w - a potion of invisibility {unknown}
 B - a potion of ambrosia {unknown}
 D - a potion of lignification {unknown}
 I - a potion of agility {unknown}
Books
 J - a book of Changes

   Spells                             Type                      Level
   a - Beastly Appendage              Transmutation                1
   b - Sticks to Snakes               Transmutation                2
   c - Spider Form                    Transmutation/Poison         3
   d - Ice Form                       Ice/Transmutation            4
   e - Blade Hands                    Transmutation                5
 K - a book of Frost

   Spells                             Type                      Level
   a - Freeze                         Ice                          1
   b - Throw Frost                    Conjuration/Ice              2
   c - Ozocubu's Armour               Charms/Ice                   3
   d - Throw Icicle                   Conjuration/Ice              4
   e - Summon Ice Beast               Ice/Summoning                4
Miscellaneous
 p - an ornate deck of escape
Comestibles
 f - 3 bread rations
 g - 8 royal jellies
 k - a meat ration


   Skills:
 + Level 6.0 Fighting
 - Level 1.7 Axes
 - Level 2.8 Armour
 + Level 5.8 Shields
 * Level 7.0 Unarmed Combat
 * Level 9.4 Invocations
 * Level 2.1 Evocations


You had 8 spell levels left.
You didn't know any spells.

Dungeon Overview and Level Annotations

Branches:
Dungeon (9/15)             Temple (0/1) D:5
   Lair: D:8-11         Orc: D:9-12

Altars:
Nemelex Xobeh
Qazlal
Trog
Yredelemnul
Zin

Shops:
D:4 !   D:5 :?


Innate Abilities, Weirdness & Mutations

You have a pair of large antennae on your head. (SInv)
You have sharp fingernails.
You have large cloven feet.
You are somewhat resistant to further mutation.
Your system is resistant to poisons. (rPois)


Message History

The two-headed ogre is lightly wounded.
The two-headed ogre hits you with a giant spiked club!
The two-headed ogre hits you with a giant club!
You claw the two-headed ogre!
The two-headed ogre is moderately wounded.
The two-headed ogre barely misses you.
The two-headed ogre hits you with a giant club!
You claw the two-headed ogre!
You kick the two-headed ogre, but do no damage.
The two-headed ogre is moderately wounded.
You closely miss the two-headed ogre.
The two-headed ogre is moderately wounded.
You block the two-headed ogre's attack. The two-headed ogre barely misses you.
You closely miss the two-headed ogre. You kick the two-headed ogre.
The two-headed ogre is moderately wounded.
The two-headed ogre hits you with a giant spiked club!!
* * * LOW HITPOINT WARNING * * *
The two-headed ogre hits you with a giant club!
You die...
Your body glows slightly and disappears.

#.....##..##..##
#.....##+###...#..#
#......#.......#..#
#......#.......#..#
{
#.....##..##..##..#
{
#.....##..##..##..+
#........ #....#..#
.. #....#O.# {
#....#@.# #....'..#
#..†.#.......
#....#.......
#....#......./
#....#....(.%.
#....#........
#....#..######
#....#..#


You could see a two-headed ogre.

Vanquished Creatures
  A hornet (D:8)
  2 black bears
  A phantom (D:7)
  A necrophage (D:7)
  3 ice beasts
  2 bullfrogs (D:6)
  A water moccasin zombie (D:9)
  2 scorpions
  5 killer bees
  A crimson imp (D:6)
  2 quasits
  A hound (D:5)
  A jelly (D:6)
  A bullfrog zombie (D:5)
  A bullfrog skeleton (D:5)
  An orc priest (D:9)
  3 iguanas
  2 orc wizards
  4 worker ants
  A hound zombie (D:6)
  Robin (D:3)
  9 adders
  3 gnolls (D:7)
  An adder zombie (D:7)
  2 worms
  3 dart slugs
  6 leopard geckos
  11 orcs
  A ball python (D:2)
  5 bats
  2 giant cockroaches
  10 goblins
  4 hobgoblins
  16 jackals
  7 frilled lizards
  5 kobolds
  A leopard gecko skeleton (D:7)
  3 rats
126 creatures vanquished.

Vanquished Creatures (collateral kills)
  The ghost of Quirk the Sneak, a novice OpAs (D:5)
  A hippogriff (D:6)
  A wyvern (D:9)
  A hungry ghost (D:7)
  An orc warrior (D:4)
  An ogre (D:5)
  A phantom (D:5)
  A centaur (D:5)
  2 killer bees (D:7)
  2 crimson imps (D:6)
  A jelly (D:6)
  4 hounds
  A gnoll shaman (D:5)
  2 orc wizards (D:4)
  A centaur skeleton (D:6)
  A worker ant (D:4)
  10 gnolls
  2 orcs
  2 goblins (D:3)
  2 jackals (D:7)
  A kobold (D:3)
  A rat (D:3)
40 creatures vanquished.

Vanquished Creatures (others)
  A killer bee (D:7)
  An orc priest (D:7)
  2 orc wizards (D:7)
  A leopard gecko skeleton (D:7)
5 creatures vanquished.

Grand Total: 171 creatures vanquished

Notes
Turn   | Place    | Note
-------+----------+-------------------------------------------
     0 | D:1      | vishdafish the Demonspawn Fighter began the quest for the Orb.
     0 | D:1      | Reached XP level 1. HP: 18/18 MP: 1/1
    42 | D:1      | Gained mutation: You have sharp fingernails. [demonic ancestry]
    42 | D:1      | Reached XP level 2. HP: 23/24 MP: 2/2
   415 | D:1      | Reached skill level 1 in Unarmed Combat
   724 | D:2      | Reached XP level 3. HP: 28/29 MP: 3/3
  1157 | D:2      | Found a faded altar of an unknown god.
  1167 | D:2      | Became a worshipper of Nemelex Xobeh the Trickster
  1167 | D:2      | Received a gift from Nemelex Xobeh
  1167 | D:2      | Reached * piety under Nemelex Xobeh
  1208 | D:2      | Received a gift from Nemelex Xobeh
  1248 | D:2      | Reached skill level 1 in Invocations
  1355 | D:3      | Found a glowing silver altar of Zin.
  1364 | D:3      | Gained mutation: You have a pair of small antennae on your head. [demonic ancestry]
  1364 | D:3      | Reached XP level 4. HP: 33/36 MP: 4/4
  1597 | D:3      | Gained mutation: Your system is resistant to poisons. (rPois) [potion of mutation]
  1597 | D:3      | Gained mutation: You are somewhat resistant to further mutation. [potion of mutation]
  1840 | D:3      | Reached skill level 2 in Invocations
  1912 | D:3      | Reached XP level 5. HP: 37/42 MP: 6/6
  2103 | D:3      | Reached skill level 3 in Invocations
  2120 | D:3      | Noticed Robin
  2130 | D:3      | Killed Robin
  2377 | D:3      | Found a stormy altar of Qazlal.
  2578 | D:4      | Reached ** piety under Nemelex Xobeh
  2581 | D:4      | Received a gift from Nemelex Xobeh
  2601 | D:4      | Noticed an orc warrior
  2611 | D:4      | Noticed an orange demon
  2612 | D:4      | Killed an orc warrior
  2612 | D:4      | Gained mutation: You have a pair of antennae on your head. [demonic ancestry]
  2612 | D:4      | Reached XP level 6. HP: 28/48 MP: 8/8
  2614 | D:4      | Reached skill level 4 in Invocations
  2821 | D:4      | Found Qufat's Distillery.
  2833 | D:4      | Bought a potion of heal wounds for 65 gold pieces
  3047 | D:4      | You fall through a shaft!
  3047 | D:5      | Entered Level 5 of the Dungeon
  3047 | D:5      | Noticed a sky beast
  3049 | D:5      | a sky beast changed into a black bear
  3656 | D:5      | Noticed Quirk's ghost (novice OpAs)
  3668 | D:5      | Killed Quirk's ghost
  3668 | D:5      | Reached skill level 5 in Invocations
  3668 | D:5      | Gained mutation: You have large cloven feet. [demonic ancestry]
  3668 | D:5      | Reached XP level 7. HP: 51/54 MP: 10/10
  3712 | D:5      | Found a staircase to the Ecumenical Temple.
  3716 | D:5      | Received a gift from Nemelex Xobeh
  3761 | D:5      | Reached skill level 6 in Invocations
  3779 | D:5      | Found Plog's Magic Scroll Emporium.
  4153 | D:5      | Reached skill level 5 in Unarmed Combat
  4153 | D:5      | Reached XP level 8. HP: 48/61 MP: 12/12
  4308 | D:5      | Found Umehuqavugh's Book Shoppe.
  4477 | D:5      | Found a bloodstained altar of Trog.
  4482 | D:5      | Found a basalt altar of Yredelemnul.
  4603 | D:6      | Noticed a hippogriff
  4611 | D:6      | Killed a hippogriff
  4611 | D:6      | Reached skill level 7 in Invocations
  4681 | D:6      | HP: 2/61 [acid (6)]
  4870 | D:6      | Reached skill level 5 in Fighting
  5050 | D:6      | Reached *** piety under Nemelex Xobeh
  5162 | D:6      | Reached skill level 5 in Shields
  5294 | D:7      | Reached skill level 8 in Invocations
  5456 | D:7      | Gained mutation: You have a pair of large antennae on your head. (SInv) [demonic ancestry]
  5456 | D:7      | Reached XP level 9. HP: 43/68 MP: 15/15
  6068 | D:7      | Reached skill level 9 in Invocations
  6068 | D:7      | Reached skill level 1 in Evocations
  6365 | D:7      | You fall through a shaft for 2 floors!
  6423 | D:8      | Paralysed by a hornet for 3 turns
  6712 | D:8      | Received a gift from Nemelex Xobeh
  6728 | D:8      | Noticed a two-headed ogre
  6734 | D:8      | Slain by a two-headed ogre

Skill      XL: |  1  2  3  4  5  6  7  8  9 |
---------------+----------------------------+-----
Unarmed Combat | 1 2 3 4 5 6 7 |  7.0
Shields        | 3 4 5 |  5.8
Invocations    | 1 2 3 5 6 8 9 |  9.4
Fighting       | 4 5 6 |  6.0
Evocations     | 2 |  2.1
Axes           | |  1.7
Armour         | |  2.8

Action                   |  1- 3 |  4- 6 |  7- 9 || total
-------------------------+-------+-------+-------++-------
Melee: War axe           |   153 |   156 |   164 ||   473
       Kick              |       |       |    66 ||    66
       Unarmed           |       |       |    78 ||    78
Evoke: Deck              |       |    14 |    18 ||    32
  Use: Potion            |       |     2 |     4 ||     6
       Scroll            |       |     4 |     1 ||     5
  Eat: Chunk             |     1 |     7 |     3 ||    11
       Meat ration       |       |     1 |     1 ||     2
Armor: Scale mail        |    76 |    75 |    95 ||   246
Dodge: Dodged            |    51 |    48 |   102 ||   201
Block: Shield            |   102 |   118 |   170 ||   390
